 Dungeon Crawl Stone Soup version 0.19.4 (webtiles) character file.

728 HeyBub the Sneak (level 7, -6/36 HPs)
             Began as a Vine Stalker Assassin on Feb 4, 2017.
             Mangled by Menkaure (11 damage)
             ... on level 4 of the Dungeon.
             The game lasted 00:08:36 (2702 turns).

HeyBub the Sneak (Vine Stalker Assassin)            Turns: 2702, Time: 00:08:37

Health: -6/36      AC:  7    Str: 13    XL:     7   Next: 72%
Magic:  0/8        EV: 13    Int: 11    God:
Gold:   163        SH:  0    Dex: 18    Spells: 0 memorised, 6 levels left

rFire  . . .     SeeInvis .     a - +3 dagger
rCold  . . .     Gourm    .     c - +0 robe
rNeg   . . .     Faith    .     (no shield)
rPois  +         Spirit   +     u - +2 hat
rElec  .         Reflect  .     j - +2 cloak
rCorr  .         Harm     .     (no gloves)
MR     +....                    (no boots)
Stlth  ++++......               (no amulet)
                                w - ring of poison resistance
                                k - ring of protection from magic

@: no status effects
A: fangs 2, regeneration 1, magic shield, antimagic bite, no device heal 3, rot
immunity
a: no special abilities


You were on level 4 of the Dungeon.
You were not hungry.

You visited 1 branch of the dungeon, and saw 4 of its levels.

You collected 163 gold pieces.

Inventory:

Hand Weapons
 a - a +3 dagger (weapon)
 b - a +0 blowgun
Missiles
 e - 25 poisoned needles
 f - 2 curare-tipped needles
Armour
 c - a +0 robe (worn)
 d - a +0 cloak
 j - a +2 cloak (worn)
 u - a +2 hat (worn)
 y - a -1 robe
Jewellery
 k - a ring of protection from magic (left hand)
 w - a ring of poison resistance (right hand)
Wands
 r - a wand of acid (9/15)
 x - a wand of random effects (18/48)
Scrolls
 h - a scroll of blinking {unknown}
 l - a scroll of identify
 m - 2 scrolls of remove curse
 q - 2 scrolls of teleportation
Potions
 o - a potion of cure mutation
 t - a potion of curing
 v - a potion of agility {unknown}
 z - 2 potions of might {unknown}
Comestibles
 g - 2 bread rations
 i - a fruit
 n - a beef jerky
 p - 2 meat rations
 s - a slice of pizza


   Skills:
 + Level 3.3 Fighting
 + Level 5.1 Short Blades
 - Level 1.7 Throwing
 + Level 2.8 Dodging
 + Level 7.2 Stealth


You had 6 spell levels left.
You didn't know any spells.

Dungeon Overview and Level Annotations

Branches:
Dungeon (4/15)
 Temple: D:4-7

Altars:
Elyvilon
Fedhas
Okawaru
Ru
Yredelemnul

Annotations:
D:4 Menkaure


Innate Abilities, Weirdness & Mutations

You have extremely sharp teeth.
Your natural rate of healing is unusually fast.
When hurt, damage is shared between your health and your magic reserves.
Your bite disrupts and absorbs the magic of your enemies.
Potions and wands cannot restore your health.
You are immune to rotting.


Message History

You hit Menkaure. You bite Menkaure, but do no damage.
Menkaure is heavily damaged.
Menkaure closely misses you.
You hit Menkaure. You bite Menkaure.
Menkaure's magic leaks into the air.
You drain his magic.
Menkaure is heavily damaged.
You hit Menkaure. You bite Menkaure, but do no damage.
Menkaure is severely damaged.
Menkaure misses you.
You hit Menkaure. Your bite misses Menkaure.
Menkaure is severely damaged.
Menkaure hits you.
You hit Menkaure but do no damage.
Menkaure is severely damaged.
Menkaure hits you!!
* * * LOW HITPOINT WARNING * * *
You hit Menkaure but do no damage. You bite Menkaure, but do no damage.
Menkaure is severely damaged.
Menkaure hits you!
You die...

+...##......#..........#
#...##..†..##..........#
#...#.†....##..........#
#........####.........##
#############........##
##....##...#.......#
##......###........##
##........###...(...#
#..........rM@.#...##
..(.........#..#####
...........###..##
..........## ##..#
.........## ##.##
.....[..## ##..##
.......## ###....##
......# #.......# ....##
#........##


You could see Menkaure and a quokka.

Vanquished Creatures
  Sigmund (D:3)
  An ogre (D:3)
  A big kobold (D:4)
  A scorpion (D:4)
  A hound (D:4)
  2 orc wizards (D:3)
  Natasha (thrice) (D:3)
  An iguana (D:4)
  Ijyb (D:2)
  2 worker ants (D:4)
  An adder (D:3)
  An ooze (D:1)
  4 worms
  2 dart slugs
  5 orcs (D:3)
  A ball python (D:3)
  6 bats
  5 giant cockroaches
  2 gnoll zombies (D:2)
  6 goblins
  9 hobgoblins
  4 jackals (D:1)
  A quokka (D:1)
  2 frilled lizards
  7 kobolds
  5 rats
75 creatures vanquished.

Notes
Turn   | Place    | Note
-------+----------+-------------------------------------------
     0 | D:1      | HeyBub the Vine Stalker Assassin began the quest for the Orb.
     0 | D:1      | Reached XP level 1. HP: 11/11 MP: 2/2
    73 | D:1      | Reached skill level 5 in Stealth
    73 | D:1      | Reached XP level 2. HP: 9/15 MP: 3/3
   228 | D:1      | Reached skill level 1 in Dodging
   459 | D:1      | Reached XP level 3. HP: 12/18 MP: 4/4
   692 | D:2      | Noticed Ijyb
   700 | D:2      | Killed Ijyb
   700 | D:2      | Gained mutation: Your natural rate of healing is unusually fast. [Vine Stalker growth]
   700 | D:2      | Reached XP level 4. HP: 23/23 MP: 5/5
   996 | D:2      | Reached skill level 6 in Stealth
   999 | D:2      | Found a basalt altar of Yredelemnul.
  1223 | D:3      | Noticed an ogre
  1412 | D:3      | Reached XP level 5. HP: 18/27 MP: 6/6
  1479 | D:3      | Noticed Sigmund
  1588 | D:3      | Noticed Natasha
  1593 | D:3      | Killed Natasha
  1652 | D:3      | Killed an ogre
  1652 | D:3      | Reached XP level 6. HP: 23/32 MP: 7/7
  1757 | D:3      | Found a sacrificial altar of Ru.
  1885 | D:3      | Found a blossoming altar of Fedhas.
  1885 | D:3      | Found an iron altar of Okawaru.
  2008 | D:3      | Noticed Natasha
  2017 | D:3      | Killed Natasha
  2028 | D:3      | Noticed Natasha
  2044 | D:3      | Killed Natasha
  2136 | D:3      | Killed Sigmund
  2136 | D:3      | Reached XP level 7. HP: 36/36 MP: 8/8
  2300 | D:3      | Found a white marble altar of Elyvilon.
  2668 | D:4      | Noticed Menkaure
  2687 | D:4      | Reached skill level 5 in Short Blades
  2691 | D:4      | Reached skill level 7 in Stealth
  2702 | D:4      | Mangled by Menkaure

Skill      XL: |  1  2  3  4  5  6  7 |
---------------+----------------------+-----
Fighting       | 2 3 |  3.3
Stealth        | 5 6 7 |  7.2
Dodging        | 1 2 |  2.8
Short Blades   | 2 3 4 5 |  5.1
Throwing       | |  1.7

Action                   |  1- 3 |  4- 6 |  7- 9 || total
-------------------------+-------+-------+-------++-------
Melee: Dagger            |    84 |   163 |    52 ||   299
       Bite              |    18 |    50 |    13 ||    81
  Use: Scroll            |       |     2 |     6 ||     8
       Potion            |       |     1 |       ||     1
 Stab: Sleeping          |     5 |     6 |     6 ||    17
       Distracted        |       |     2 |       ||     2
       Invisible         |       |     1 |       ||     1
       Paralysed         |       |     1 |       ||     1
  Eat: Bread ration      |       |     2 |       ||     2
Armor: Robe              |    27 |     9 |    12 ||    48
Dodge: Dodged            |    47 |    59 |    20 ||   126
